 Seeded DCSS version 0.29.1-12-g30fa7ad0bf (webtiles) character file.

Game seed: 16245865983455551772 (custom seed)

133 hikkokomori the Conjurer (level 5, -1/46 HPs)
             Began as an Octopode Conjurer on Jan 17, 2023.
             Slain by an orc wizard
             ... wielding a +0 dagger
              (3 damage)
             ... on level 3 of the Dungeon.
             The game lasted 00:01:48 (2289 turns).

hikkokomori the Conjurer (Octopode Conjurer)        Turns: 2289, Time: 00:01:49

Health: -1/46      AC: 22    Str:  6    XL:     5   Next: 16%
Magic:  18/18      EV:  2    Int: 39    God:
Gold:   1158       SH:  0    Dex: 10    Spells: 9/10 levels left

rFire   . . .      SeeInvis .   b - +0 lajatang of Uxushazu {vorpal, MP+9 Int+4 Stlth-}
rCold   . . .      Faith    .   (shield currently unavailable)
rNeg    . . .      Spirit   .   (helmet currently unavailable)
rPois   +          Reflect  .   (no amulet)
rElec   .          Harm     .   f - +6 ring of intelligence
rCorr   .          Rampage  .   g - +6 ring of intelligence
Will    .....      NoTele   +   (no ring)
Stlth   +.........              (no ring)
HPRegen 0.15/turn               (no ring)
MPRegen 0.16/turn               (no ring)
                                (no ring)
                                (no ring)

@: tree-form
A: stationary, stasis, torment immunity, boosted hp, almost no armour,
(amphibious), 8 rings, (camouflage 1), (gelatinous body 1), (nimble swimmer 1),
(tentacles)
a: no special abilities


You were on level 3 of the Dungeon.
You were a tree.
You visited 1 branch of the dungeon, and saw 3 of its levels.

You collected 1158 gold pieces.

Inventory:

Hand Weapons
 b - the +0 lajatang of Uxushazu (weapon) {vorpal, MP+9 Int+4 Stlth-}
   (You acquired it on level 1 of the Dungeon)

   It inflicts extra damage upon your enemies.
   Int:       It affects your intelligence (+4).
   MP:        It affects your magic capacity (+9).
   Stlth:     It makes you less stealthy.
Armour
 h - the +2 hat of Bespelled Mirth (melded) {rC+ Dex+3 Slay+3}
   (You acquired it on level 1 of the Dungeon)

   Dex:       It affects your dexterity (+3).
   Slay:      It affects your accuracy & damage with ranged weapons and melee
   (+3).
   rC:        It protects you from cold.
Jewellery
 f - a +6 ring of intelligence (left branch)
 g - a +6 ring of intelligence (right branch)
Wands
 m - a wand of roots (4)
Scrolls
 e - 2 scrolls of teleportation {unknown}
 j - 2 scrolls of identify {unknown}
 k - a scroll of enchant weapon {unknown}
 l - a scroll of summoning {unknown}
 n - a scroll of noise {unknown}
Potions
 a - a potion of magic
 c - 2 potions of flight {unknown}
 d - a potion of might {unknown}


   Skills:
 - Level 2.6 Dodging
 + Level 4.5 Stealth
 + Level 3.0 Spellcasting
 + Level 4.7 Conjurations


You had 9 spell levels left.
You knew the following spells:

 Your Spells              Type           Power      Damage    Failure   Level
a - Magic Dart            Conj           100%       1d8       1%          1

Your spell library contained the following spells:

 Spells                   Type           Power      Damage    Failure   Level
 Searing Ray              Conj           84%        2d7       1%          2
 Sting                    Tmut/Pois      20%        1d4       3%          1
 Dazzling Flash           Conj/Hex       48%        N/A       4%          3
 Poisonous Vapours        Pois/Air       10%        N/A       6%          2
 Fulminant Prism          Conj/Hex       12%        3d9       14%         4
 Iskenderun's Mystic Bla  Conj/Tloc      24%        2d7       14%         4
 Olgreb's Toxic Radiance  Pois           5%         N/A       36%         4
 Chain Lightning          Conj/Air       12%        3d16      100%        9
 Fire Storm               Conj/Fire      12%        8d3       100%        9
 Shatter                  Erth           2%         3d6*      100%        9


Dungeon Overview and Level Annotations

Branches:
Dungeon (3/15)

Altars:

Shops:
D:3 [


Innate Abilities, Weirdness & Mutations

You are a tree.
Your roots penetrate the ground, keeping you stationary.
You cannot be teleported.
You are immune to unholy pain and torment.
Your maximum health is greatly increased.
You cannot wear most types of armour.
((You are amphibious.))
You can wear up to eight rings at the same time.
((Your skin changes colour to match your surroundings (Stealth+).))
((Your rubbery body absorbs attacks. (AC +1, EV +1)))
((You are camouflaged when in or above water. (Stealth+)))
((You have tentacles for arms and can constrict up to eight enemies at once.))


Message History

You hit the orc wizard. Your grab misses the orc wizard.
You squeeze the orc wizard!
The orc wizard is almost dead.
You hear some strange, mumbled words.
Something tries to affect you, but you resist.
The orc wizard closely misses you.
You closely miss the orc wizard. You grab the orc wizard.
Your squeeze misses the orc wizard.
The orc wizard is almost dead.
You constrict the orc wizard. Something hits you but does no damage.
The orc wizard gestures at you while chanting.
The puff of flame hits you!
* * * LOW HITPOINT WARNING * * *
Something hits you.
* * * LOW HITPOINT WARNING * * *
The orc wizard casts a spell at you.
You are confused.
You closely miss the orc wizard.
The orc wizard is almost dead.
You constrict the orc wizard.
You kill the orc wizard!
You hear some strange, mumbled words.
Something tries to affect you, but you resist.
Your Spellcasting skill increases to level 3!
You have reached level 5!
You feel clever.
You closely miss something. Your squeeze misses something. Something hits you.
* * * LOW HITPOINT WARNING * * *
You completely miss something. Something hits you.
* * * LOW HITPOINT WARNING * * *
You hear some strange, mumbled words.
Something tries to affect you, but you resist.
You closely miss something. Your squeeze misses something.
You feel less confused. Something hits you.
* * * LOW HITPOINT WARNING * * *
It was a potion of lignification.
You turn into a tree.
The +2 hat of Bespelled Mirth {rC+ Dex+3 Slay+3} melds into your body.
Your roots penetrate the ground.
Something hits you.
You die...

# ###### #. .... ..
..#
#.###.#####.##### .
#....oo{♣)......#
#.
#####.###)#...#.##
#. >. #..#.#...# #.
..# #...∩....# #.
.. #..#.#...# #. #
#.#...#..#######.
.................>
###.#.############.
...#. ......†..


You could see 2 orcs.

Vanquished Creatures
  An orc priest (D:3)
  Jessica (D:2)
  An orc wizard (D:3)
  An adder (D:2)
  3 orcs (D:3)
  2 ball pythons (D:1)
  3 bats
  5 endoplasms
  2 goblins (D:1)
  5 hobgoblins
  4 kobolds
  3 quokkas (D:1)
  3 frilled lizards
  5 rats
39 creatures vanquished.

Notes
Turn   | Place    | Note
-------+----------+-------------------------------------------
     0 | D:1      | hikkokomori the Octopode Conjurer began the quest for the
                  | Orb.
     0 | D:1      | Reached XP level 1. HP: 11/11 MP: 3/3
   368 | D:1      | Found a faded altar of an unknown god.
   389 | D:1      | Reached XP level 2. HP: 17/17 MP: 3/5
  1195 | D:1      | Reached XP level 3. HP: 21/21 MP: 0/6
  1268 | D:1      | Identified 3 scrolls of acquirement
  1268 | D:1      | Acquired the +2 hat of Bespelled Mirth {rC+ Dex+3 Slay+3}
  1269 | D:1      | Acquired the +0 lajatang of Uxushazu {vorpal, MP+9 Int+4
                  | Stlth-}
  1270 | D:1      | Acquired 1036 gold pieces
  1634 | D:2      | Noticed Jessica
  1638 | D:2      | Killed Jessica
  1639 | D:2      | Reached XP level 4. HP: 27/27 MP: 7/7
  2256 | D:3      | Found Ymmy Ciutu's Antique Armour Shoppe.
  2286 | D:3      | Reached XP level 5. HP: 8/31 MP: 9/9
  2288 | D:3      | HP: 1/31 [something (3)]
  2289 | D:3      | Slain by an orc wizard

Illustrated notes

Levels and vault maps discovered:
D:1:      minmay_arrival_hallway, layout_loops_corners, basic_ecumenical_altar,
          minmay_unequal
D:2:      layout_loops_ring, uniq_jessica
D:3:      layout_basic, serial_shops, nicolae_shop_advertising_works
          [nicolae_subvault_shop_adworks], minmay_shallow_snake_nest,
          uniq_natasha

Skill      XL: |  1  2  3  4 |
---------------+-------------+-----
Stealth        | 3 4 |  4.5
Spellcasting   | 3 |  3.0
Dodging        | |  2.6
Conjurations   | |  4.7

Action                   |  1- 3 |  4- 6 || total
-------------------------+-------+-------++-------
Melee: Lajatang          |     3 |    31 ||    34
       Constrict         |       |     6 ||     6
       Tentacles         |       |     4 ||     4
 Cast: Magic Dart        |    35 |       ||    35
  Use: Scroll            |     3 |       ||     3
       Potion            |       |     1 ||     1
 Stab: Sleeping          |     2 |     2 ||     4
Armor: Skin              |     2 |     8 ||    10
Dodge: Dodged            |     2 |    20 ||    22
